 Seeded DCSS version 0.28-a0-409-g6a72785 (webtiles) character file.

Game seed: 8859158737211481446 (custom seed)

27 Illumine the Cudgeller (level 2, -1/27 (29) HPs)
             Began as a Troll Monk on Sept 5, 2021.
             Killed from afar by a hell hog (28 damage)
             ... with a fireball
             ... on level 1 of the Abyss.
             The game lasted 00:01:59 (627 turns).

Illumine the Cudgeller (Troll Monk)                  Turns: 627, Time: 00:01:59

HP:   -1/27 (29)    AC:  4    Str: 18    XL:     2   Next: 93%
MP:   1/1           EV: 10    Int:  6    God:
Gold: 45            SH:  0    Dex: 12    Spells: 1/1 levels left

rFire   . . .      SeeInvis .   a - +0 mace
rCold   . . .      Faith    .   (no shield)
rNeg    . . .      Spirit   .   b - +0 robe
rPois   .          Reflect  .   (helmet restricted)
rElec   .          Harm     .   (no cloak)
rCorr   .          Rampage  .   (gloves unavailable)
Will    .....                   (boots unavailable)
Stlth   ++........              (no amulet)
HPRegen 1.09/turn               (no ring)
MPRegen 0.07/turn               (no ring)

@: drained
A: large, unfitting armour, claws 3, regeneration 1, shaggy fur 1, tough skin 1
a: no special abilities


You were on level 1 of the Abyss.
You visited 1 branch of the dungeon, and saw 2 of its levels.
You visited the Abyss 1 time.

You collected 45 gold pieces.

Inventory:

Hand Weapons
 a - a +0 mace (weapon)
Missiles
 c - 27 poisoned darts (quivered)
Armour
 b - a +0 robe (worn)
Scrolls
 d - a scroll of teleportation {unknown}
 e - a scroll of identify {unknown}
 f - a scroll of holy word {unknown}


   Skills:
 + Level 2.8 Fighting
 * Level 3.4 Maces & Flails
 - Level 2.4 Dodging
 - Level 1.0 Stealth


You had one spell level left.
You didn't know any spells.
Your spell library contained the following spells:

 Spells                   Type           Power      Damage    Failure   Level
 Borgnjor's Revivificati  Necr           0%         N/A       100%        8
 Necromutation            Tmut/Necr      0%         N/A       100%        8
 Death's Door             Necr           0%         N/A       100%        9


Dungeon Overview and Level Annotations

Branches:
Dungeon (2/15)

Altars:

Shops:
D:2 =


Innate Abilities, Weirdness & Mutations

You are too large for most types of armour.
You have claws for hands.
Your natural rate of healing is unusually fast.
You are covered in fur. (AC +1)
You have tough skin. (AC +1)


Message History

You see here a +0 helmet.
A quokka comes into view.
The helpless quokka fails to defend itself.
You sock the quokka!
You kill the quokka!
HP restored.
Found a robe.
No target in view!
f - a scroll labelled OQAB YCROULY You now have 35 gold pieces (gained 11).
You see here a +0 robe.
You now have 45 gold pieces (gained 10).
You open the door.
A frilled lizard comes into view.
The frilled lizard hisses angrily.
Found a long sword.
There is an open door here.
You closely miss the frilled lizard. The frilled lizard barely misses you.
You closely miss the frilled lizard. The frilled lizard closely misses you.
You miss the frilled lizard. The frilled lizard barely misses you.
The frilled lizard bites you but does no damage.
You hit the frilled lizard.
You kill the frilled lizard!
You open the door.
There is an open door here.
A kobold is nearby!
The kobold shouts!
The kobold throws a stone.
The stone hits you but does no damage.
The kobold hits you with a +2 dagger of distortion.
You are cast into the Abyss!
To return, you must find a gate leading back.
Killing monsters will force the Abyss to allow you passage.
This branch contains the abyssal rune of Zot.
Found a gateway leading deeper into the Abyss.
A hell hog comes into view.
The hell hog squeals angrily.
You hear an angry squeal.
The hell hog breathes fire at you.
The fireball explodes!
The fireball engulfs you!!
Ouch! That really hurt!
You die...

.# ##. # # ...#..#
##. # #.#.h#### ..#.#
#>..... ...# .
#.....###.#. ..##
#.......##.####.#
#....#..............#
##.........##.#.#.#
#....@..#####.# #
##.#...## #.# ..
#..... .# ## .....#.#
.#. #.#.'...# #
.##...#.. . #. ......
. . ##..# #..


You could see a hell hog (catching breath).

Vanquished Creatures
  An adder (D:2)
  A worm (D:2)
  An endoplasm (D:2)
  A giant cockroach (D:1)
  A hobgoblin (D:2)
  A kobold (D:2)
  2 quokkas
  3 bats
  A frilled lizard (D:1)
  2 rats
  A spectral kobold (D:2)
15 creatures vanquished.

Notes
Turn   | Place    | Note
-------+----------+-------------------------------------------
     0 | D:1      | Illumine the Troll Monk began the quest for the Orb.
     0 | D:1      | Reached XP level 1. HP: 22/22 MP: 0/0
   141 | D:2      | Found a faded altar of an unknown god.
   242 | D:2      | Reached skill level 3 in Maces & Flails
   242 | D:2      | Reached XP level 2. HP: 29/29 MP: 1/1
   504 | D:2      | Found Etempa's Jewellery Shoppe.
   618 | D:1      | Cast into level 1 of the Abyss (kobold)
   624 | Abyss:1  | Noticed a hell hog
   627 | Abyss:1  | Killed from afar by a hell hog

Illustrated notes

Levels and vault maps discovered:
D:1:      scummos_arrival_gate, layout_loops_corners, grunt_decor_arrowhead,
          serial_bayou_pond_d
D:2:      layout_basic, dreamdust_ecumenical_altar_drowned_temple, serial_shops,
          shop
Abyss:1:  base:
D:1

Skill      XL: |  1 |
---------------+----+-----
Maces & Flails | 3 |  3.4
Fighting       | |  2.8
Dodging        | |  2.4
Stealth        | |  1.0

Action                   || total
-------------------------++-------
Melee: Mace              ||    62
Throw: Dart              ||     2
 Stab: Sleeping          ||     3
Armor: Robe              ||    22
Dodge: Dodged            ||    34

Table legend: (Time is in decaauts)
 A = Elapsed time spent in this place.
 B = Non-inter-level travel time spent in this place.
 C = Inter-level travel time spent in this place.
 D = Time resting spent in this place.
 E = Time spent auto-exploring this place.
 F = Levels seen in this place.
 G = Mean time per level.
                   A        B        C        D        E       F      G
               +--------+--------+--------+--------+--------+-----+--------+
         Total |    648 |    648 |      0 |    113 |    219 |   3 |  216.0 |
       Dungeon |    639 |    639 |      0 |    113 |    219 |   2 |  319.5 |
         Abyss |      8 |      8 |      0 |      0 |      0 |   1 |    8.0 |
               +--------+--------+--------+--------+--------+-----+--------+

Top non-repeatable levels by time:
     D:2: 410 daAuts
     D:1: 229 daAuts
 Abyss:1: 8 daAuts
